 Dungeon Crawl Stone Soup version 0.31-a0-102-g33a4ccc0cb (webtiles) character file.

Game seed: 1674300223582285663

914 greasedhog the Slasher (level 8, -9/60 HPs)
             Began as a Djinni Fighter on May 26, 2023.
             Mangled by an ice beast (12 damage)
             ... on level 5 of the Dungeon.
             The game lasted 00:05:45 (4897 turns).

greasedhog the Slasher (Djinni Fighter)             Turns: 4897, Time: 00:05:46

Health: -9/60      AC:  6    Str: 15    XL:     8   Next: 30%
Gold:   132        EV:  9    Int: 10    God:
                   SH:  5    Dex: 15

rFire   + + .        a - +0 long sword
rCold   x . .        c - +0 buckler
rNeg    . . .        j - +0 ring mail
rPois   ∞            (no helmet)
rElec   .            q - +0 cloak
rCorr   .            (no gloves)
SInv    .            (boots unavailable)
Will    .....        (no amulet)
Stlth   +            (no ring)
HPRegen 0.30/turn    (no ring)
MPRegen 0.00/turn

%: infuse magic (-10 HP)
@: flying
A: sickness immunity, fire resistance 2, cold vulnerability 1, float, innate
caster, HP casting, extra vitality 1
a: no special abilities


You were on level 5 of the Dungeon.
You visited 1 branch of the dungeon, and saw 5 of its levels.

You collected 132 gold pieces.

Inventory:

Hand Weapons
 a - a +0 long sword (weapon)
Armour
 c - a +0 buckler (worn)
 j - a +0 ring mail (worn)
 q - a +0 cloak (worn)
Wands
 k - a wand of mindburst (17)
Scrolls
 e - a scroll of fear
 h - 4 scrolls of blinking
 i - a scroll of magic mapping
 l - 2 scrolls of teleportation {unknown}
 o - 2 scrolls of immolation {unknown}
 p - 5 scrolls of noise {unknown}
 t - a scroll of butterflies {unknown}
Potions
 b - 2 potions of enlightenment {unknown}
 d - 2 potions of might
 f - a potion of attraction {unknown}
 g - a potion of resistance {unknown}
 m - 2 potions of curing {unknown}
 n - a potion of heal wounds {unknown}
 r - a potion of cancellation {unknown}
 s - a potion of invisibility {unknown}


   Skills:
 - Level 5.4 Fighting
 * Level 6.2 Long Blades
 - Level 3.0 Armour
 + Level 0.0 Dodging
 - Level 3.0 Shields
 + Level 2.6 Spellcasting
 + Level 2.6 Conjurations
 + Level 2.6 Hexes
   Level 0.0 Charms
 + Level 2.6 Summonings
 + Level 2.6 Necromancy
 + Level 2.6 Translocations
 + Level 2.6 Transmutations
 + Level 2.6 Fire Magic
 + Level 2.6 Ice Magic
 + Level 2.6 Air Magic
 + Level 2.6 Earth Magic
 + Level 2.6 Poison Magic


You knew the following spells:

 Your Spells              Type           Power      Damage    Failure   Level
a - Slow                  Hex            24%        N/A       26%         1
b - Lesser Beckoning      Tloc           12%        N/A       36%         2
c - Momentum Strike       Conj/Tloc      10%        3d8       41%         2
Your spell library was empty.

Dungeon Overview and Level Annotations

Branches:
Dungeon (5/15)             Temple (0/1) D:5

Altars:

Shops:
D:5 (


Innate Abilities, Weirdness & Mutations

You are immune to sickness and miasma.
You are immune to poison.
Your flesh is very heat resistant. (rF++)
You are vulnerable to cold. (rC-)
You float through the air rather than walking.
You learn spells naturally, not from books.
Your magical power is your life essence.
You have superior vitality. (+4 MHP)


Message History

The ice beast is moderately wounded.
The ice beast hits you. The ice beast freezes you!
You feel a terrible chill!
You closely miss the ice beast.
The ice beast is moderately wounded.
The ice beast barely misses you.
You hit the ice beast.
The ice beast is heavily wounded.
You block the ice beast's attack.
You hit the ice beast.
The ice beast is heavily wounded.
You block the ice beast's attack.
You closely miss the ice beast.
The ice beast is heavily wounded.
The ice beast hits you. The ice beast freezes you!!
You feel a terrible chill!
You are too injured to fight recklessly!
You are too injured to fight recklessly!
You are too injured to fight recklessly!
You are too injured to fight recklessly!
You are too injured to fight recklessly!
You are too injured to fight recklessly!
You are too injured to fight recklessly!
You closely miss the ice beast.
The ice beast is heavily wounded.
You block the ice beast's attack.
You barely miss the ice beast.
The ice beast is heavily wounded.
The ice beast hits you but does no damage. x2
You barely miss the ice beast.
The ice beast is heavily wounded.
The ice beast hits you but does no damage.
You hit the ice beast.
The ice beast is severely wounded.
The ice beast hits you. The ice beast freezes you!!
You feel a terrible chill!
* * * LOW HITPOINT WARNING * * *
You closely miss the ice beast.
The ice beast is severely wounded.
The ice beast hits you.
* * * LOW HITPOINT WARNING * * *
The ice beast freezes you!
You feel a terrible chill!
You die...

####### ## ....... ...
....... .... ..... ## ....#
###.... #. ......#....# .##
#. .. ......#..Y.#...#
#######. ...........@....>..
........ ....######....#...#
######.. ....##........# #
..##.. ........#######
#.##..
###.....#######..######.##÷.
#>.....†..............('..
#.....############....##(.
#.....# #....#### ####.....#
#....#


You could see an ice beast.

Vanquished Creatures
  A water moccasin (D:5)
  A black bear (D:5)
  An ogre (D:3)
  2 phantoms
  2 scorpions (D:4)
  Crazy Yiuf (D:4)
  3 hounds
  2 iguanas (D:5)
  A sleepcap (D:5)
  An orc wizard (D:3)
  7 adders
  4 worms
  2 dart slugs
  4 orcs
  5 ball pythons
  3 endoplasms
  12 giant cockroaches (D:2)
  3 goblins
  5 hobgoblins
  3 kobolds
  2 quokkas (D:2)
  5 bats
  4 frilled lizards
  3 rats
77 creatures vanquished.

Notes
Turn   | Place    | Note
-------+----------+-------------------------------------------
     0 | D:1      | greasedhog the Djinni Fighter began the quest for the Orb.
     0 | D:1      | Reached XP level 1. HP: 20/20 MP: 0/0
   329 | D:1      | Reached skill level 2 in Long Blades
   409 | D:1      | Reached XP level 2. HP: 25/25 MP: 0/0
   532 | D:1      | You are sucked into a shaft and drop 1 floor!
   660 | D:2      | Reached XP level 3. HP: 24/30 MP: 0/0
   660 | D:2      | Learned a level 1 spell: Slow
   986 | D:2      | Reached skill level 3 in Long Blades
  1069 | D:2      | Reached XP level 4. HP: 30/36 MP: 0/0
  1310 | D:2      | Found a faded altar of an unknown god.
  1597 | D:3      | Noticed an ogre
  1748 | D:3      | Killed an ogre
  1749 | D:3      | Reached skill level 4 in Long Blades
  1749 | D:3      | Reached XP level 5. HP: 40/41 MP: 0/0
  1749 | D:3      | Learned a level 2 spell: Lesser Beckoning
  1903 | D:3      | Noticed a phantom
  1916 | D:3      | Killed a phantom
  1917 | D:3      | Reached skill level 1 in Spellcasting
  1917 | D:3      | Reached skill level 1 in Conjurations
  1917 | D:3      | Reached skill level 1 in Hexes
  1917 | D:3      | Reached skill level 1 in Summonings
  1917 | D:3      | Reached skill level 1 in Necromancy
  1917 | D:3      | Reached skill level 1 in Translocations
  1917 | D:3      | Reached skill level 1 in Transmutations
  1917 | D:3      | Reached skill level 1 in Fire Magic
  1917 | D:3      | Reached skill level 1 in Ice Magic
  1917 | D:3      | Reached skill level 1 in Air Magic
  1917 | D:3      | Reached skill level 1 in Earth Magic
  1917 | D:3      | Reached skill level 1 in Poison Magic
  1917 | D:3      | Reached XP level 6. HP: 13/47 MP: 0/0
  2811 | D:4      | Found a runed translucent door.
  2812 | D:4      | Noticed Crazy Yiuf
  2818 | D:4      | Killed Crazy Yiuf
  2819 | D:4      | Reached XP level 7. HP: 34/53 MP: 0/0
  2819 | D:4      | Learned a level 2 spell: Momentum Strike
  3038 | D:4      | Reached skill level 5 in Long Blades
  3995 | D:5      | Entered Level 5 of the Dungeon
  4091 | D:5      | Reached skill level 5 in Fighting
  4124 | D:5      | Noticed a water moccasin
  4147 | D:5      | Killed a water moccasin
  4148 | D:5      | Reached XP level 8. HP: 10/59 MP: 0/0
  4510 | D:5      | Reached skill level 6 in Long Blades
  4563 | D:5      | Found Zouxkuopt's Antique Weapon Shoppe.
  4639 | D:5      | Identified the +6 dagger "Rojuttocw" {freeze, rN+ Int+3}
  4885 | D:5      | Found a staircase to the Ecumenical Temple.
  4897 | D:5      | HP: 3/60 [ice beast (2)]
  4897 | D:5      | Mangled by an ice beast

Illustrated notes

Levels and vault maps discovered:
D:1:      dpeg_arrival_simpleton_b, layout_basic
D:2:      minmay_roachtagon, layout_loops_ring, shapermc_ecumenical_altar_petra
D:3:      layout_basic, kennysheep_crisscross
D:4:      layout_layer_cave, uniq_crazy_yiuf_cottage
D:5:      layout_basic, minmay_temple_entry_gardened_gates, serial_shops, shop,
          minmay_misc_feat_room

Skill      XL: |  1  2  3  4  5  6  7  8 |
---------------+-------------------------+-----
Long Blades    | 2 3 4 5 6 |  6.2
Fighting       | 4 5 |  5.4
Spellcasting   | 1 2 |  2.6
Conjurations   | 1 2 |  2.6
Hexes          | 1 2 |  2.6
Summonings     | 1 2 |  2.6
Necromancy     | 1 2 |  2.6
Translocations | 1 2 |  2.6
Transmutations | 1 2 |  2.6
Fire Magic     | 1 2 |  2.6
Ice Magic      | 1 2 |  2.6
Air Magic      | 1 2 |  2.6
Earth Magic    | 1 2 |  2.6
Poison Magic   | 1 2 |  2.6
Armour         | |  3.0
Shields        | |  3.0

Action                     |  1- 3 |  4- 6 |  7- 9 || total
---------------------------+-------+-------+-------++-------
  Melee: Long sword        |    98 |   172 |   120 ||   390
   Cast: Slow              |       |     2 |     4 ||     6
         Momentum Strike   |       |       |     1 ||     1
  Evoke: Wand              |       |     6 |     1 ||     7
    Use: Scroll            |     3 |       |     1 ||     4
 Armour: Scale mail        |    41 |       |       ||    41
         Ring mail         |    15 |    53 |    35 ||   103
  Dodge: Dodged            |    62 |    60 |    40 ||   162
  Block: Buckler           |    22 |    38 |    32 ||    92

Table legend: (Time is in decaauts)
 A = Elapsed time spent in this place.
 B = Non-inter-level travel time spent in this place.
 C = Inter-level travel time spent in this place.
 D = Time resting spent in this place.
 E = Time spent auto-exploring this place.
 F = Levels seen in this place.
 G = Mean time per level.
                   A        B        C        D        E       F      G
               +--------+--------+--------+--------+--------+-----+--------+
         Total |   4989 |   4882 |    107 |    332 |   3651 |   5 |  997.8 |
       Dungeon |   4989 |   4882 |    107 |    332 |   3651 |   5 |  997.8 |
               +--------+--------+--------+--------+--------+-----+--------+

Top non-repeatable levels by time:
     D:4: 1474 daAuts
     D:2: 1060 daAuts
     D:3: 1003 daAuts
     D:5: 913 daAuts
     D:1: 537 daAuts
